Map: Deathaura LE

Players

LiquidMaNa (MaNa) - Winner!

  • Race: Protoss Protoss
  • League: Grandmaster
  • Spawn Location: 11:00

Geralt (Gerald)

  • Race: Protoss Protoss
  • League: Grandmaster
  • Spawn Location: 5:00

Event: DreamHack SC2 Masters 2020 Winter

VOD

Have the link to the VOD?

Description

Time

  • Played on: Nov. 1, 2020, 10:30 a.m.
  • Length: 9:33

All games in this series

Show
View Real Time Build Order
Export as new Build Order

LiquidMaNa Protoss - Winner!

Build Orders: 1 Gate Expand, Oracle Opening, Phoenix Opening 

Get SALT Encoding   

  12  0:00  Probe  
  13  0:12  Probe  
  14  0:21  Pylon  
  14  0:24  Probe  
  15  0:39  Probe (Chrono Boost)  
  15  0:42  Gateway  
  16  0:43  Assimilator  
  16  0:48  Probe (Chrono Boost)  
  17  0:53  Probe (Chrono Boost)  
  18  1:05  Probe (Chrono Boost)  
  19  1:13  Probe (Chrono Boost)  
  20  1:21  Nexus  
  20  1:31  Cybernetics Core  
  20  1:34  Probe  
  21  1:44  Assimilator  
  21  1:46  Probe  
  22  1:52  Pylon  
  22  1:58  Probe  
  23  2:08  Warp Gate  
  23  2:10  Probe  
  23  2:11  Adept (Chrono Boost)  
  27  2:22  Probe  
  27  2:28  Stargate  
  27  2:33  Adept  
  27  2:34  Probe (Chrono Boost)  
  30  2:44  Probe x2 (Chrono Boost)  
  32  2:49  Probe (Chrono Boost)  
  32  2:50  Probe  
  34  2:57  Shield Battery  
  34  3:00  Probe  
  34  3:02  Probe  
  36  3:07  Shield Battery  
  38  3:13  Probe (Chrono Boost)  
  38  3:15  Oracle  
  38  3:17  Probe (Chrono Boost)  
  41  3:25  Probe (Chrono Boost)  
  43  3:27  Pylon  
  43  3:31  Probe (Chrono Boost)  
  43  3:32  Probe (Chrono Boost)  
  44  3:39  Probe  
  44  3:40  Probe  
  44  3:51  Probe  
  44  3:52  Phoenix, Probe  
  46  3:55  Twilight Council  
  46  3:57  Sentry  
  46  3:58  Gateway x2  
  46  4:00  Assimilator  
  48  4:03  Probe  
  48  4:05  Forge  
  48  4:06  Probe  
  50  4:14  Pylon  
  50  4:15  Probe  
  51  4:18  Phoenix  
  49  4:32  Probe  
  49  4:34  Stalker  
  49  4:35  Probe  
  48  4:43  Phoenix  
  45  4:49  Probe x2  
  45  4:52  Stalker, Zealot  
  49  4:59  Zealot  
  53  5:01  Probe  
  53  5:04  Pylon  
  53  5:06  Charge, Pylon  
  54  5:10  Protoss Ground Weapons Level 1  
  54  5:22  Probe x2 (Chrono Boost)  
  56  5:33  Phoenix (Chrono Boost)  
  56  5:34  Probe x2 (Chrono Boost)  
  60  5:40  Probe x2 (Chrono Boost)  
  62  5:47  Zealot x3  
  62  5:48  Probe x2  
  70  5:51  Pylon  
  70  6:02  Pylon  
  70  6:07  Robotics Facility  
  70  6:08  Phoenix  
  70  6:10  Zealot x3  
  78  6:17  Pylon  
  78  6:25  Nexus  
  78  6:31  Zealot, Sentry  
  78  6:32  Zealot  
  84  6:37  Shield Battery  
  84  6:38  Probe x2  
  86  6:42  Phoenix  
  88  6:50  Gateway  
  88  6:52  Pylon  
  88  6:55  Stalker  
  88  6:56  Zealot  
  88  6:57  Zealot  
  88  7:00  Probe  
  94  7:13  Protoss Ground Weapons Level 2 (Chrono Boost)  
  94  7:20  Pylon  
  94  7:21  Pylon  
  94  7:23  Pylon  
  94  7:24  Pylon  
  94  7:29  Photon Cannon x2  
  94  7:36  Phoenix, Probe x2  
  99  7:37  Observer, Probe  
  100  7:49  Zealot, Probe x3  
  100  7:50  Zealot x2  
  109  7:52  Zealot  
  111  8:01  Probe x2  
  111  8:02  Gateway  
  111  8:03  Gateway  
  113  8:07  Observer  
  113  8:09  Probe  
  115  8:13  Probe x2  
  117  8:21  Phoenix  
  117  8:22  Zealot x4  
  127  8:28  Gateway  
  127  8:30  Gateway  
  127  8:37  Probe x2  
  127  8:41  Pylon  
  129  8:42  Pylon  
  129  8:49  Nexus  
  129  8:52  Zealot  
  129  8:53  Zealot x2  
  129  9:17  Zealot x6  
  129  9:18  Probe  
  129  9:19  Probe  
Show
View Real Time Build Order
Export as new Build Order

Geralt Protoss 

Build Orders: Oracle Opening 

Get SALT Encoding   

  12  0:00  Probe  
  13  0:12  Probe  
  14  0:17  Pylon  
  14  0:24  Probe (Chrono Boost)  
  15  0:36  Gateway  
  15  0:37  Probe (Chrono Boost)  
  16  0:42  Probe (Chrono Boost)  
  16  0:45  Assimilator  
  17  0:52  Probe  
  17  0:53  Assimilator  
  18  1:04  Probe (Chrono Boost)  
  19  1:08  Gateway  
  19  1:13  Probe (Chrono Boost)  
  20  1:18  Probe (Chrono Boost)  
  20  1:24  Cybernetics Core  
  21  1:30  Probe  
  22  1:34  Pylon  
  22  1:42  Probe  
  23  2:00  Nexus  
  23  2:05  Probe  
  23  2:07  Warp Gate  
  24  2:24  Probe  
  24  2:29  Stargate  
  24  2:33  Stalker  
  28  2:39  Shield Battery  
  28  2:40  Probe (Chrono Boost)  
  27  2:49  Pylon  
  27  2:50  Probe (Chrono Boost)  
  28  2:55  Stalker, Probe  
  31  3:07  Probe  
  32  3:13  Probe  
  32  3:14  Oracle (Chrono Boost)  
  32  3:19  Probe  
  37  3:25  Probe  
  38  3:31  Probe  
  39  3:34  Shield Battery  
  39  3:39  Probe  
  39  3:47  Probe (Chrono Boost)  
  39  3:51  Probe (Chrono Boost)  
  39  3:53  Twilight Council  
  39  3:56  Stalker  
  39  3:57  Stalker  
  39  4:00  Oracle  
  39  4:02  Probe (Chrono Boost)  
  47  4:03  Probe (Chrono Boost)  
  47  4:09  Probe  
  49  4:11  Probe  
  49  4:14  Forge  
  49  4:17  Pylon  
  48  4:26  Stalker  
  48  4:28  Stalker  
  46  4:36  Probe  
  46  4:41  Probe  
  46  4:45  Blink (Chrono Boost)  
  44  4:48  Probe (Chrono Boost)  
  45  4:58  Probe (Chrono Boost)  
  44  5:01  Probe (Chrono Boost)  
  44  5:05  Gateway  
  45  5:08  Probe x2 (Chrono Boost)  
  45  5:14  Probe  
  47  5:15  Probe  
  46  5:21  Gateway  
  46  5:26  Stalker  
  46  5:27  Stalker, Probe  
  51  5:31  Protoss Ground Weapons Level 1 (Chrono Boost), Probe  
  52  5:39  Probe  
  53  5:43  Photon Cannon, Probe  
  53  5:51  Stalker, Probe  
  53  5:55  Stalker  
  58  5:58  Probe  
  59  6:09  Assimilator, Pylon  
  59  6:11  Stalker  
  61  6:22  Nexus  
  61  6:23  Probe  
  61  6:27  Stalker  
  61  6:28  Stalker  
  61  6:31  Probe  
  66  6:36  Stalker  
  66  6:39  Stalker  
  70  6:44  Pylon  
  70  6:53  Gateway  
  70  6:54  Gateway  
  70  7:02  Probe  
  70  7:06  Probe  
  72  7:08  Dark Shrine  
  68  7:17  Probe  
  68  7:19  Probe  
  70  7:27  Photon Cannon  
  70  7:28  Photon Cannon  
  70  7:29  Photon Cannon, Shield Battery x3, Probe  
  71  7:32  Probe  
  71  7:35  Stalker  
  74  7:41  Probe  
  74  7:42  Stalker, Probe  
  78  7:44  Probe  
  78  7:53  Probe  
  78  7:54  Probe  
  78  7:57  Probe  
  81  8:05  Probe  
  82  8:06  Probe  
  82  8:10  Probe  
  84  8:17  Pylon, Probe  
  79  8:20  Probe  
  79  8:21  Dark Templar x3  
  79  8:25  Probe  
  87  8:29  Probe  
  87  8:31  Photon Cannon  
  87  8:33  Probe  
  89  8:37  Assimilator  
  89  8:39  Assimilator  
  89  8:42  Dark Templar  
  89  8:43  Gateway  
  89  8:48  Photon Cannon  
  91  8:53  Dark Templar  
  93  8:58  Probe  
  94  9:07  Stalker x2  
  86  9:10  Probe  
  86  9:13  Stalker  
  74  9:18  Zealot  
  74  9:19  Zealot  
Tags
 
Add a new tag
Caveats
  • Supply blocks, unpowered buildings, or Contaminate may cause inaccurate times.
  • Supply counts are checked every 10 seconds.